 Dungeon Crawl Stone Soup version 0.28-a0-1142-gc8569940dd (webtiles) character file.

Game seed: 13712699922876822018

172 Peloso the Skirmisher (level 5, 0/47 HPs)
             Began as a Minotaur Fighter on Dec 13, 2021.
             Succumbed to an orc wizard's poison
             ... on level 3 of the Dungeon.
             The game lasted 00:03:30 (2785 turns).

Peloso the Skirmisher (Minotaur Fighter)            Turns: 2785, Time: 00:03:31

Health: 0/47       AC:  9    Str: 18 (21) XL:     5   Next: 27%
Magic:  4/4        EV:  7    Int:  2 (5)  God:
Gold:   126        SH:  9    Dex:  8 (11) Spells: 4/4 levels left

rFire   . . .      SeeInvis .   a - +0 long sword
rCold   . . .      Faith    .   c - +0 buckler
rNeg    . . .      Spirit   .   i - +0 chain mail
rPois   .          Reflect  +   (helmet restricted)
rElec   .          Harm     .   (no cloak)
rCorr   .          Rampage  .   (no gloves)
Will    .....                   (no boots)
Stlth   ..........              h - amulet of reflection
HPRegen 0.15/turn               (no ring)
MPRegen 0.09/turn               (no ring)

@: lethally poisoned (0 -> -3), hasted, very quick
A: horns 2, retaliatory headbutt
a: no special abilities


You were on level 3 of the Dungeon.
You visited 1 branch of the dungeon, and saw 3 of its levels.

You collected 126 gold pieces.

Inventory:

Hand Weapons
 a - a +0 long sword (weapon)
Armour
 b - a +0 scale mail
 c - a +0 buckler (worn)
 i - a +0 chain mail (worn)
Jewellery
 h - an amulet of reflection (around neck)
Scrolls
 g - a scroll of teleportation {unknown}
 j - a scroll of brand weapon {unknown}
 k - a scroll of torment {unknown}
 l - 2 scrolls of identify {unknown}
 m - a scroll of enchant weapon {unknown}
 n - a scroll of acquirement {unknown}
 o - a scroll of vulnerability {unknown}
Potions
 d - 2 potions of might
 e - a potion of haste


   Skills:
 + Level 4.8 Fighting
 + Level 3.8 Long Blades
 + Level 4.8 Armour
 + Level 1.3 Dodging
 + Level 0.1 Stealth
 + Level 4.4 Shields


You had 4 spell levels left.
You didn't know any spells.
Your spell library was empty.

Dungeon Overview and Level Annotations

Branches:
Dungeon (3/15)

Altars:
Fedhas
Gozag
Sif Muna
Wu Jian
Zin


Innate Abilities, Weirdness & Mutations

You have a pair of horns on your head.
You reflexively headbutt those who attack you in melee.


Message History

You closely miss something. You headbutt something.
You feel very sick. Something hits you.
You are more poisoned.
You barely miss something.
You feel very sick.
You hear some strange, mumbled words.
Something tries to affect you, but you resist.
You barely miss something. Your headbutt misses something.
You feel very sick.
You hear some strange, mumbled words.
A puff of flame appears from out of thin air!
The puff of flame hits you!
* * * LOW HITPOINT WARNING * * *
You slash something!
Reactivating autopickup.
You feel a bit more experienced.
* * * LOW HITPOINT WARNING * * *
You feel very sick.
* * * LOW HITPOINT WARNING * * *
You feel sick.
Things that are here:
a +1 dagger of venom; a +0 robe; an orc corpse It was a potion of haste.
You feel yourself speed up.
* * * LOW HITPOINT WARNING * * *
You feel sick.
It was a potion of degeneration.
There was something very wrong with that liquid.
You feel weakened.
You feel dopey.
You feel clumsy.
* * * LOW HITPOINT WARNING * * *
You feel sick.
Unknown command.
* * * LOW HITPOINT WARNING * * *
You feel sick.
Things that are here:
a +1 dagger of speed; a +0 robe
* * * LOW HITPOINT WARNING * * *
You feel sick.
There is a stone staircase leading up here.
You die...

#.#..#.# #.## # #.#..#.#
#..# ############
##.#..#.# #.#
#...........
#.....#.######.#
#.##########
#............#.####.#
##.................#)###
####
#.....##.##.#.<........#
#...
#.....##.##.##.#######.#
##... ..........##.##@#
#.####..._
###.....#####.##<#
#.##...... #.....#
#.##)# #.##......
##.#### #.##)#
##.##.._..⌠ #.# #.##.#
##.#........ #.#
####.##.#####.###.#.....
#............## ##....._
#.##.##.#####.###.##.#..
# ...# ##.#.####.##


There were no monsters in sight!

Vanquished Creatures
  2 orc wizards (D:3)
  4 gnolls (D:3)
  2 adders (D:3)
  A shadow imp (D:3)
  A dart slug (D:1)
  An orc (D:3)
  3 ball pythons (D:1)
  2 bats
  6 endoplasms
  3 giant cockroaches
  6 goblins
  3 hobgoblins (D:3)
  5 jackals
  4 kobolds
  4 quokkas
  2 frilled lizards (D:2)
  8 rats
57 creatures vanquished.

Notes
Turn   | Place    | Note
-------+----------+-------------------------------------------
     0 | D:1      | Peloso the Minotaur Fighter began the quest for the Orb.
     0 | D:1      | Reached XP level 1. HP: 19/19 MP: 0/0
   288 | D:1      | Reached XP level 2. HP: 27/27 MP: 1/1
   673 | D:1      | Found a faded altar of an unknown god.
  1243 | D:2      | Reached XP level 3. HP: 33/33 MP: 2/2
  1846 | D:3      | Reached XP level 4. HP: 28/41 MP: 3/3
  1852 | D:3      | Reached skill level 1 in Dodging
  1931 | D:3      | Found an opulent altar of Gozag.
  2068 | D:3      | Found an ornate altar of the Wu Jian Council.
  2070 | D:3      | Found a glowing silver altar of Zin.
  2070 | D:3      | Found a blossoming altar of Fedhas.
  2071 | D:3      | Found a shimmering blue altar of Sif Muna.
  2773 | D:3      | Reached XP level 5. HP: 45/47 MP: 4/4
  2783 | D:3      | HP: 2/47 [poisoned by an orc wizard]
  2785 | D:3      | Succumbed to an orc wizard's poison

Illustrated notes

Levels and vault maps discovered:
D:1:      dpeg_arrival_signposts, layout_basic,
          shapermc_ecumenical_altar_mp_highgroup, ebering_dispersal_statue_hall,
          minmay_crystal_water
D:2:      layout_basic
D:3:      layout_loops_ring, mainiacjoe_overflow_brackets,
          grunt_temple_overflow_open, grunt_ministairs_7, corexii_corridor_pit

Skill      XL: |  1  2  3  4 |
---------------+-------------+-----
Fighting       | 4 |  4.8
Shields        | 4 |  4.4
Armour         | 4 |  4.8
Dodging        | 1 |  1.3
Long Blades    | 3 |  3.8
Stealth        | |  0.1

Action                   |  1- 3 |  4- 6 || total
-------------------------+-------+-------++-------
Melee: Long sword        |    93 |    41 ||   134
       Headbutt          |    12 |     8 ||    20
  Use: Potion            |       |     2 ||     2
Armor: Scale mail        |    14 |       ||    14
       Chain mail        |    26 |    21 ||    47
Dodge: Dodged            |    33 |    18 ||    51
Block: Buckler           |    50 |    24 ||    74
       Reflection        |     1 |     1 ||     2

Table legend: (Time is in decaauts)
 A = Elapsed time spent in this place.
 B = Non-inter-level travel time spent in this place.
 C = Inter-level travel time spent in this place.
 D = Time resting spent in this place.
 E = Time spent auto-exploring this place.
 F = Levels seen in this place.
 G = Mean time per level.
                   A        B        C        D        E       F      G
               +--------+--------+--------+--------+--------+-----+--------+
         Total |   2821 |   2755 |     66 |    202 |   2068 |   3 |  940.3 |
       Dungeon |   2821 |   2755 |     66 |    202 |   2068 |   3 |  940.3 |
               +--------+--------+--------+--------+--------+-----+--------+

Top non-repeatable levels by time:
     D:1: 1121 daAuts
     D:3: 951 daAuts
     D:2: 748 daAuts
